[Event "EU-ch 12th"]
[Site "Aix les Bains"]
[Date "2011.03.30"]
[Round "8"]
[White "Sokolov, Ivan"]
[Black "Bukavshin, Ivan"]
[Result "1/2-1/2"]
[ECO "D30"]
[WhiteElo "2643"]
[BlackElo "2501"]
[Annotator "Marchand,A/Primel,D"]
[PlyCount "85"]
[EventDate "2011.03.22"]
[EventType "swiss"]
[EventRounds "11"]
[EventCountry "FRA"]
[SourceTitle "CBM 142 Extra"]
[Source "ChessBase"]
[SourceDate "2011.06.27"]
[SourceVersion "1"]
[SourceVersionDate "2011.06.27"]
[SourceQuality "1"]
[TimeControl "40/5400+30:1800+30"]

1. d4 d5 2. Nf3 Nf6 3. c4 e6 4. Bg5 dxc4 5. Qa4+ (5. Nc3 {Plus courant}) 5...
Nbd7 6. Nc3 a6 7. Rd1 $5 $146 (7. g3 {Wang Yue (2739)-Ivanchuk,V (2779) Corus
Wijk aan Zee 2009 (2) 0-1}) (7. e4 {La grande ligne} b5 8. Nxb5 Rb8 9. Nc3 Rxb2
$132 10. Ne5 (10. Bxc4 Rb4)) 7... b5 $1 8. Nxb5 axb5 $5 {Une décision curieuse
car le thème Rb8b2 est connu dans la ligne principale} (8... Rb8 $142 9. Nc3 Rxb2 $132 ) 9. Qxa8 Bb4+ 10. Nd2 Nb6 11. Qc6+ Bd7
12. Qf3 Na4 $1 13. Rb1 (13. b3 $6 cxb3 (13... c3
14. bxa4 cxd2+ 15. Bxd2) 14. Qxb3 Ba5 15. e3 Nc3 16. Qa3 (16. Rc1 Nce4) 16...
Nxd1 17. Qxa5 Nxf2 18. Rg1 (18. Kxf2 Ng4+) 18... N2g4 $44 ) 13...
h6 (13... O-O 14. Bxf6 gxf6) 14. Bxf6 gxf6 15. Qe3 e5 $5 (15... c5
$44 16. d5 c3 $1 17. bxc3 Nxc3) 16. a3 (16. dxe5 Bf5 17. Rc1 (17.
Rd1 Nxb2) 17... O-O 18. Qxh6 fxe5 $13) 16... Ba5 17. dxe5 Bf5 $1 18. b4 Bb6 $44
{Avec un P passé protégé avancé et la paire de B, les Noirs ont assez de
compensations pour la qualité.} 19. Qf4 c3 $1 (19... Bxb1 20. Nxb1 Nb2 21. Qd2 $1) 20. Ne4 c2 $1 21. Rc1 Bxe4 22. Qxe4 Qd1+ $1 {Une
belle déviation qui regagne la qualité} 23. Rxd1 cxd1=Q+ 24. Kxd1 Nc3+ 25. Ke1
Nxe4 26. e3 c6 (26... fxe5 27. Bxb5+) 27. Bd3 f5 $6 (27... Nc3 $142 28. exf6
Nd5 (28... Kd7 ) 29. Ke2 Nxf6 30. Rd1 Ke7 $17 ) 28. g4 $1 Ng5 29. f4 fxg4 $1 {Festival tactique des Noirs!} 30.
fxg5 hxg5 {[%csl Re3,Rh1,Rh2][%cal Gg4g3,Gh8h1] Au 30ème coup, la Rh1 n' a
toujours pas bougé et sans surprise le retard de développement donne des
reources tactiques y compris en finale} 31. Be4 $1 Rh3 $6
(31... c5 32. Bc6+ Ke7 33. bxc5 Bxc5 34. Bxb5 Bxe3 ) (31... Bxe3 32. Bxc6+ Ke7 33. Ke2 Bd4 (33... Bf4)) 32. Bxc6+ Ke7 33. Bxb5
Rxe3+ 34. Be2 Rxa3 35. Bxg4 Rb3 36. Rf1 $11 {Premier coup de la R!} Rxb4 37.
Bh5 Rb1+ 38. Ke2 Rb2+ 39. Kd3 Rxh2 40. Rxf7+ Ke6 41. Rf6+ Kxe5 42. Rxb6 Rxh5
43. Ke3 1/2-1/2

[Event "EU-ch 12th"]
[Site "Aix les Bains"]
[Date "2011.04.02"]
[Round "11"]
[White "Matlakov, Maxim"]
[Black "Fressinet, Laurent"]
[Result "1/2-1/2"]
[ECO "D30"]
[WhiteElo "2625"]
[BlackElo "2693"]
[Annotator "Marchand,A/Primel,D"]
[PlyCount "141"]
[EventDate "2011.03.22"]
[EventType "swiss"]
[EventRounds "11"]
[EventCountry "FRA"]
[SourceTitle "CBM 142 Extra"]
[Source "ChessBase"]
[SourceDate "2011.06.27"]
[SourceVersion "1"]
[SourceVersionDate "2011.06.27"]
[SourceQuality "1"]
[TimeControl "40/5400+30:1800+30"]

1. d4 Nf6 2. c4 e6 3. Nf3 d5 4. e3 a6 5. b3 c5 6. Bb2 Nc6 7. Bd3 Be7 8. O-O
cxd4 9. exd4 Nb4 $146 (9... O-O {Vaganian,R (2590)-Brkic,A (2558) EU-Cup 24th
Kallithea 2008 (2) 0-1}) 10. Be2 b6 11. Nc3 Bb7 12. a3 Nc6 13. cxd5 exd5 14.
Ne5 $14 O-O 15. Rc1 Rc8 16. Bf3 Re8 17. Re1 Bf8 18. b4 Ne7 19. Rc2 (19. Ng4 Nxg4 (19... Nf5 20. Nxf6+ Qxf6 21. Nxd5) 20. Bxg4 Rc4 21. Be2 b5 $5 22. Bxc4 dxc4 $44 ) 19... Nf5 20. g3 Nd6 $1 $132 21. Bg2 Rc7 $1 22. Rce2 Rce7
23. Qd3 Nfe4 24. Nxe4 $6 {Les Noirs vont obtenir une case "d5" pour faire
transiter les pièces} dxe4 25. Qb3 Qa8 $1 26. Ng4 Bd5 27. Qd1 Nc4 $132 28. Bc1 a5 29. Ne3 Nxe3 30. Rxe3 axb4 31. axb4 Re6 (31...
Rc7 $15 ) 32. Bd2 g6 33. Bh3 f5 34. Qb1 Bg7 35. Qb2
Qd8 (35... Rc6 $5 ) 36. Ra3 Qf6 37. Bf4 Rc8 38. Be5 Qe7 39.
Bxg7 Kxg7 40. b5 Rc7 41. Rc1 Rd7 42. Re3 Qf6 43. Qb4 Red6 44. Rec3 Bf7 45. Rc6 Qxd4 46. Qa3 Qe5 47. Bf1 Rd1 48. Qe3 Qxb5 $1 {[%csl Rf1]
[%cal Gb5f1] Nouvelle erreur du plateau DGT qui n' a pas sauvegardé la
totalité de la partie!} 49. Qc3+ Kh6 50. Qe3+ Kg7 (50... Kh5) 51. Qc3+ Kh6 52.
Qe3+ Kh5 {Tente de jouer pour le gain} 53. g4+ $1 fxg4 54. R6c5+ $3 bxc5 55.
Rxc5+ $1 {Quel sauvetage!} Qxc5 56. Qxc5+ R7d5 (56... g5 $1 {Il serait plus
difficile pour la Q Blanche d'attaquer le K Noir}) 57. Qe3 R5d3 58. Qc5+ g5 59.
Kg2 Rd5 60. Qc8 Rd8 61. Qc7 R8d7 62. Qg3 e3 $1
63. h3 $1 gxh3+ $2 (63... Bd5+ {[%csl Rf1,Rg2] Il vallait mieux ramener une
pièce supplémentaire en attaque} 64. Kh2 Rxf1 65. hxg4+ Kg6 $19 )
64. Qxh3+ Kg6 65. Qxe3 R1d6 66. Bb5 Rd8 67. Qe7 Rd4 68. Bc6 Bd5+ {Trop tard!} (
68... Rg4+ 69. Kh3 Rdd4 70. f3 Rh4+ 71. Kg3 $11) 69. Bxd5 R4xd5 70. Qe6+ Kg7
71. Qe7+ 1/2-1/2

[Event "Metz op 31th"]
[Site "Metz"]
[Date "2013.04.24"]
[Round "4"]
[White "Aguettaz, Maxime"]
[Black "Nguyen, Chi Minh"]
[Result "1/2-1/2"]
[ECO "D30"]
[WhiteElo "2412"]
[BlackElo "2372"]
[Annotator "Metz Alekhine/Primel,D"]
[PlyCount "41"]
[EventDate "2013.04.20"]
[EventType "swiss"]
[EventRounds "9"]
[EventCountry "FRA"]
[SourceTitle "EXT 2016"]
[Source "ChessBase"]
[SourceDate "2015.10.08"]
[SourceVersion "1"]
[SourceVersionDate "2015.10.08"]
[SourceQuality "1"]
[TimeControl "40/5400:1800+30"]
[WhiteClock "1:30:00"]
[BlackClock "1:30:00"]

1. c4 e6 2. Nf3 d5 3. d4 Bb4+ $5 4. Bd2 (4. Nc3 Nf6) 4... a5 5. e3 {73} (5. g3
dxc4 6. Bg2 Nc6 7. e3 Nge7 8. O-O O-O 9. Qc2 b5 10. a4 Ba6 11. axb5 Bxb5 12.
Rc1 Rb8 13. Bc3 Bd6 14. Nbd2 Nd5 15. Qd1 Nxc3 16. bxc3 a4 17. Bf1 Na5 18. Ra2
c5 19. Be2 Qe7 20. Qf1 Rfc8 21. dxc5 Bxc5 22. Rb1 a3 23. Ne5 Qc7 24. Nexc4 Nxc4
25. Bxc4 Bc6 26. Rxb8 Rxb8 27. Nb3 Bf8 28. Nd4 Ba8 29. Qe2 Qb7 30. f3 Qb1+ 31.
Qf1 Bd5 32. Ra1 a2 33. Bb5 Qxf1+ 34. Rxf1 e5 {Postny,E (2631)-Istratescu,A 
(2664) Bastia 2013 0-1}) 5... Ne7 $146 {71 Nouveauté au 5ème coup!} (5... Nf6
6. Bd3 O-O 7. O-O b6 8. cxd5 exd5 9. Qc2 Bb7 10. Ne5 Bd6 11. Nc3 c5 12. Nb5 c4
13. Be2 Nc6 14. f4 Nb4 15. Qd1 Ne4 16. a3 Nc6 17. Bf3 f5 18. b3 Bxe5 19. fxe5
Ba6 20. bxc4 dxc4 21. Nc3 Nxe5 22. dxe5 {1/2-1/2 (22) Postny,E (2627)
-Istratescu,A (2651) Nancy 2013}) 6. Nc3 c6 7. Bd3 Nd7 8. O-O f5 (8... O-O) 9.
cxd5 exd5 10. Ne2 Bd6 11. Nf4 Nf6 12. Ne5 $14
O-O 13. Rc1 Ne4 14. Be1 Bxe5 15. dxe5 Ng6 16. Nxg6 hxg6 17. Bxe4 dxe4 18. Bc3
Be6 19. a3 Qxd1 20. Rfxd1 Bd5 {[%csl Gd5] le mauvais B s'est ranimé} 21. h4 {
[%cal Gf8d8,Ga8d8] Suivi de Rd8 sans préciser la case d'origine et nulle au
27ème coup} 1/2-1/2

[Event "Belgrade RAD 30"]
[Site "Belgrade"]
[Date "1977.01.23"]
[Round "7.6"]
[White "Bukic, Enver"]
[Black "Andersson, Ulf"]
[Result "0-1"]
[ECO "D30"]
[WhiteElo "2480"]
[BlackElo "2565"]
[Annotator "Primel,D"]
[PlyCount "112"]
[EventDate "1977.01.15"]
[EventType "tourn"]
[EventRounds "13"]
[EventCountry "SRB"]
[EventCategory "9"]
[SourceTitle "EXT 2018"]
[Source "ChessBase"]
[SourceDate "2017.10.13"]
[SourceVersion "1"]
[SourceVersionDate "2017.10.13"]
[SourceQuality "1"]
[TimeControl "40/9000:16/5400:0"]

1. d4 Nf6 2. c4 c6 3. Nf3 d5 4. e3 e6 5. Nbd2 Nbd7 6. Bd3 Be7 (6... Bd6 {
La grande ligne}) 7. O-O O-O 8. b3 b6 9. Bb2 Bb7 10. Qe2 Rc8 (10... c5 11. Rfd1
Rc8) 11. Rad1 (11. Ne5 c5 12. f4 Ne4 13. Bxe4 dxe4 14. Rad1 cxd4 15. Nxe4 Nxe5
16. fxe5 Bxe4 17. Rxd4 Bd5 18. cxd5 Bc5 19. Rd3 exd5 20. Qf3 Qg5 21. Kh1 h6 22.
h3 Rc7 23. Kh2 Rfc8 24. Qxd5 Qg6 25. Rfd1 Be7 {Eljanov,P (2760)-Van Wely,L 
(2640) Wijk aan Zee 2016 1-0 (38)}) 11... c5 $146 (11... Qc7 12. e4 $14 {
Ahues,C-Rellstab,L Berlin 1931 (4) 1-0}) 12. Ne5 cxd4 13. exd4 dxc4 14. bxc4
Nxe5 15. Qxe5 Qc7 $132 {La position reste équilibrée mais les Noirs doivent
éviter les échanges de pièces pour miser sur le millieu de jeu car sinon le
potentiel dynamque des P pendants diminue u moindre échange et le GMI est un
redoutable joueur technique.} 16. Qe3 {Avec des P pendants, les Blancs doivent
éviter les échanges} Ng4 17. Qh3 f5 18. d5 $1 exd5 19. Bxf5 Rxf5 20. Qxg4 Rf7
21. cxd5 Bxd5 {[%csl Gd5] La position s'est simplifié et les Blancs ont
réussi à se débarasser des P pendants mais au détriment de la paire de B}
22. Nb3 Rd8 23. Rd2 Bxb3 24. Rxd8+ Qxd8 25. axb3 Qd5 26. Qd1 (
26. Rd1 Qxb3) 26... Qxd1 27. Rxd1 Bc5 $1 $15 {[%csl Rb3,Rf2] La finale est un
peu meilleure pour les Noirs qui ont une majorité éloignée et le P"b3" est
assez faible} 28. Rd2 Re7 29. Kf1 Bb4 30. Rd1 Kf7 (30... Rc7 $5 )
31. g3 g6 32. h4 a5 33. Bh8 Ke6 34. Ke2 Rc7 35. Bd4 b5 36. Kd3 Kd5 $1 37. f3 a4
38. bxa4 bxa4 39. Bh8 Rc8 40. Bg7 Rc7 41. Bh8 Rd7 42. Rc1 Bd6 43. f4 Rb7 44.
Rd1 h5 $1 {Fixant la majorité de l'aile-roi sur cases Noires} 45. Bc3 Ke6 46. Kc2 a3 47. Re1+ Kf5 48. Re8 Rb8 (48... Kg4) 49. Re1 a2 50.
Ra1 Ra8 51. Rd1 (51. Kb3 Kg4 52. Be1 Ra3+ 53. Kb2 Kf3 54. Rd1 a1=Q+ 55. Rxa1
Rxa1 56. Kxa1 Ke2 57. Bc3 Kf2 $17) 51... Be7 52. Rd5+ Ke6 53. Re5+ Kf7 54. Ba1
$2 Bf6 55. Re1 Bxa1 56. Rxa1 Kf6 0-1

[Event "Plancoet op-A 10th"]
[Site "Plancoet"]
[Date "2013.07.30"]
[Round "3"]
[White "Dgebuadze, Alexandre"]
[Black "Leroy, Didier"]
[Result "1-0"]
[ECO "D30"]
[WhiteElo "2570"]
[BlackElo "2305"]
[Annotator "RR"]
[PlyCount "85"]
[EventDate "2013.07.28"]
[EventType "swiss"]
[EventRounds "9"]
[EventCountry "FRA"]
[SourceTitle "EXT 2017"]
[Source "ChessBase"]
[SourceDate "2016.10.25"]
[SourceVersion "1"]
[SourceVersionDate "2016.10.25"]
[SourceQuality "1"]
[TimeControl "40/5400+30:1800+30"]

1. d4 Nf6 2. Nf3 d5 3. c4 e6 4. e3 a6 5. Nbd2 (5. cxd5 exd5 6. Bd3 Bd6 7. O-O
O-O 8. h3 Re8 9. Nc3 b6 10. b3 Bb7 11. Bb2 Nbd7 12. Rc1 Qe7 13. Qe2 Ne4 14. Nd2
f5 15. Nf3 Rf8 16. Rfe1 Rf6 17. Qf1 Rh6 18. Ne2 g5 19. Bxe4 fxe4 20. Ne5 Nxe5
21. dxe5 Bxe5 22. Bxe5 Qxe5 23. b4 Rf8 24. Ng3 Rhf6 25. Rc2 c5 26. bxc5 bxc5
27. Rb1 Qc7 28. Qc1 c4 29. Qb2 Bc8 30. Qd4 Rd6 31. Qe5 h6 32. Rd1 Rfd8 33. Rcd2
Rc6 34. Qc3 Rcd6 {Nakamura,H (2778)-Morozevich,A (2770) Biel 2012 1-0 (61)})
5... b6 (5... c5 6. b3 cxd4 7. exd4 Be7 8. Bb2 O-O 9. Bd3 b6 10. O-O Bb7 11.
Rc1 Nbd7 12. Qe2 Re8 13. Rfd1 Bf8 14. Ne5 g6 15. Ndf3 dxc4 16. bxc4 Nxe5 17.
Nxe5 Nd7 18. f4 Bh6 19. Qf2 Rc8 20. Rc2 {Ponomariov,R (2723)-Feller,S (2658)
San Sebastian 2012 1-0 (32)}) 6. Bd3 Bb7 7. cxd5 $146 (7. O-O Bd6 8. b3 O-O 9.
Qc2 dxc4 10. bxc4 Nbd7 11. Bb2 c5 12. Ne4 Nxe4 13. Bxe4 Bxe4 14. Qxe4 Qe7 15.
Rfd1 Rfd8 16. a4 Nf6 17. Qh4 cxd4 18. exd4 Rac8 19. d5 exd5 20. Bxf6 Qxf6 21.
Qxf6 gxf6 {Nemet,I (2439)-Milov,V (2602) Biel 2002 0-1 (38)}) 7... exd5 8. O-O
Bd6 9. Ne5 O-O 10. f4 $1 c5 11. Rf3 Nc6 12.
Rh3 g6 13. Ndf3 {Les pièces Blanches deviennent très menaçantes à
l'aile-roi} Qc8 14. Qe1 (14. Ng5 $5 cxd4 15. exd4 Nxd4 16. Be3 $44 ) 14... Be7 15. Ng5 Nxe5 $6 16. fxe5 Nh5 17. Nxh7 $1 {La pointe
probablement oubliée par les Noirs} Kxh7 18. Rxh5+ Kg7 19. Qg3 $36 Rh8 20.
Rxh8 Qxh8 21. e6 $1 Qh4 22. Qxh4 Bxh4 23. exf7 Bf6 24. dxc5 bxc5 25. Bd2 Kxf7
26. Rf1 Kg7 27. b3 Rd8 28. Rc1 c4 29. Be2 Bc8 30. Bc3 $1 Be6 31.
Bd4 (31. Bxf6+ Kxf6 32. Kf2) 31... Bxd4 32. exd4 Rb8 33. Rc3 a5 34. Kf2 Kf6 35.
Ke3 Rb4 36. h4 a4 37. bxc4 dxc4 38. Bf3 Rb2 39. d5 Bd7 40. Rxc4 Ke5 41. Rc7 Bf5
$4 (41... Kd6) 42. g4 Bb1 43. Rc6 1-0

[Event "Syre Memorial op 36th"]
[Site "Issy les Moulineaux"]
[Date "2013.05.12"]
[Round "6"]
[White "Shirazi, Kamran"]
[Black "Legky, Nikolay A"]
[Result "1-0"]
[ECO "D30"]
[WhiteElo "2411"]
[BlackElo "2387"]
[Annotator "RR"]
[PlyCount "127"]
[EventDate "2013.05.08"]
[EventType "swiss"]
[EventRounds "7"]
[EventCountry "FRA"]
[SourceTitle "EXT 2015"]
[Source "ChessBase"]
[SourceDate "2014.11.20"]
[SourceVersion "1"]
[SourceVersionDate "2014.11.20"]
[SourceQuality "1"]
[TimeControl "40/5400+30:1200+30"]

1. c4 e6 2. Nf3 d5 3. e3 Nf6 4. a3 $5 {Un coup souple qui permet plusieurs
transpositions} c5 (4... Be7 5. Nc3) 5. d4 (5. b3 Nc6 6. Bb2 d4) 5... Be7 (5...
b6 6. cxd5 exd5 7. Bb5+ Bd7 8. Be2 Bd6 9. Nc3 Bc6 10. Ne5 Bxe5 11. dxe5 Ne4 12.
Nxe4 dxe4 13. Qxd8+ Kxd8 14. b4 Nd7 15. Bb2 Re8 16. f4 exf3 17. gxf3 Nxe5 18.
Kf2 g6 19. Rhd1+ Kc7 20. bxc5 {Bosboom,M (2399)-Landa,K (2628) Vlissingen 2011
0-1 (50)}) (5... dxc4 6. Bxc4 a6 7. O-O b5 8. Bd3 Bb7 9. dxc5 Bxc5 10. b4 Be7
11. Bb2 O-O 12. Qe2 Nbd7 13. Rd1 Nd5 14. Nc3 Bf6 15. Ne4 Bxb2 16. Qxb2 Qe7 17.
Ne5 Nxe5 18. Qxe5 Rfd8 19. Nc5 Bc6 20. Be4 a5 21. Bxd5 Bxd5 22. e4 Bc4 23. h3
axb4 24. axb4 h6 25. Rxa8 Rxa8 26. Rd7 Qg5 27. Qxg5 hxg5 28. Nb7 Ra1+ 29. Kh2
Ra2 30. Kg1 f6 31. Na5 Rb2 32. Nc6 Re2 33. f3 Rb2 34. Rb7 Kh7 35. Re7 {
Kempinski,R (2580)-Ivanisevic,I (2655) Legnica 2013 1/2-1/2 (61)}) 6. dxc5 a5 (
6... Bxc5) 7. Nc3 Bxc5 8. cxd5 exd5 9. Bb5+ Nc6 10. Ne5 $146 (10. Nd4 Bd7 11.
Nb3 Be7 12. Nxd5 Nxd5 13. Qxd5 O-O 14. O-O Qc7 15. Qh5 g6 16. Qe2 Bf6 17. e4 a4
18. Bxc6 Bxc6 19. Nd2 Rfe8 20. Kh1 Qb6 21. Re1 Bb5 22. Qf3 Bd4 23. Kg1 Re6 24.
Qg3 Rae8 25. Rb1 Bc6 26. b4 Be5 27. Qe3 Bd4 28. Qg3 f5 29. Bb2 Bxb2 30. Rxb2
Qd4 31. Reb1 Bxe4 32. Nxe4 Rxe4 33. h3 Rc8 34. Qg5 Qd8 35. Qxd8+ Rxd8 36. Rc1
Rd3 37. Rc7 b5 38. Rb7 Red4 39. Rxb5 Rxa3 {Koserak,W-Opocensky,K Nice 1938 1/
2-1/2}) 10... O-O 11. Nxc6 bxc6 12. Bxc6 Ra6 $13 {C'était la seconde ronde de
la journée et le GMI n'avait probablement pas eu le temps de se préparer
mais les Noirs ont des compensations assez légères} 13. Bb5 Rd6 14. Be2 Ne4 (
14... d4 $1 15. exd4 Bxd4 16. Qb3 Qe7
$40 (16... Be6)) 15. Nxe4 dxe4 16. Qc2 Qe7 17. Bd2 Ba6 18. Bxa6 Rxa6 19. Qc4
Rg6 20. g3 Bb6 21. Bc3 Qd7 22. Rd1 $14 Qf5 23. Rd5 Qf3 24. Rg1 Bxe3 $1 25. Qe2
(25. fxe3 Qxe3+ 26. Kf1 Rf6+ 27. Bxf6 Qf3+ 28. Ke1 Qe3+ 29. Qe2 Qxg1+) 25...
Bb6 26. Qxf3 exf3 27. Rf5 Rc6 28. Rxf3 Bd4 29. Kd2 Bxc3+ 30. Rxc3 Rd8+ 31. Kc2
{Avec des P sur les deux ailes, les blancs ont des bonnes chances de valoriser
le P supplémentaire} Rcd6 32. Kb1 Rd2 33. Rc2 Kf8 34. Re1 R2d5 35. Ka2 g5 36.
Rc4 h6 37. h4 Rf5 38. hxg5 hxg5 39. f4 gxf4 40. gxf4 Rd3 41. Ree4 Rf3 42. Ra4
f6 43. Rac4 Kf7 44. Rc7+ (44. Rc2 Kg6 45. Rc8 Rf2 46. a4 Rd5 47. Rec4 Rf5 48.
Ka3 Kh5 {suite illisible et gain Blanc au 65ème coup} 49. R8c7 Kg4) 44... Kg6
45. Ra7 Rf2 46. a4 Rd5 47. Rc4 Rf5 48. Ka3 Kh5 49. Rb7 Kg4 50. Rb5 R2xf4 51.
Rxf5 Kxf5 52. Rc5+ Ke6 53. Rxa5 f5 54. Rc5 Kd6 55. Rc1 Re4 56. a5 f4 57. Rc8
Kd7 58. Rc3 Re3 59. Kb4 Rg3 $4 {Le GMI était pourtant un finaliste redoutable
et il craque en finale!} 60. a6 Rg8 61. Ka5 {[%csl Gc3,Rd7][%cal Ga5b6,Ga6a7,
Gb6b7,Ga7a8] Le K Noir est coupé et les Noirs pouvaient abandonner.} Rf8 62.
Kb6 $4 {La phase KO de 20 mns passe trés vite et dans cette partie importante,
il y a beaucoup de tension} (62. a7 $8 f3 63. Rxf3) 62... Kd6 $4 (62... Rb8+ $8
63. Kc5 Rxb2 64. Ra3 Rc2+ 65. Kd4 Rc8 66. a7 Ra8 67. Kc5 Ke6 68. Kb6 Ke5 69.
Kb7 Rxa7+ 70. Kxa7 Ke4 $11) 63. Kb7 Rf7+ 64. Kb8 {J'ai pourtant assisté à la
finale mais je ne me souviens pas si les Noirs ont perdu au temps} (64. Kb8 f3
65. Rc1 f2 66. a7 f1=Q 67. Rxf1 Rxf1 68. a8=Q Rf8+ {Et le K Noir va se
goinfrer sur le P}) 1-0

[Event "Khanty-Mansiysk FIDE GP (Women)"]
[Site "Khanty-Mansiysk"]
[Date "2014.04.11"]
[Round "3"]
[White "Zhao, Xue"]
[Black "Stefanova, Antoaneta"]
[Result "1-0"]
[ECO "D30"]
[WhiteElo "2552"]
[BlackElo "2489"]
[Annotator "Ramirez Alvarez,A"]
[PlyCount "147"]
[EventDate "2014.04.09"]
[EventType "tourn"]
[EventRounds "11"]
[EventCountry "RUS"]
[EventCategory "10"]
[SourceTitle "CBM 160"]
[Source "ChessBase"]
[SourceDate "2014.05.15"]
[SourceVersion "1"]
[SourceVersionDate "2014.05.15"]
[SourceQuality "1"]
[TimeControl "40/5400+30:1800+30"]
[WhiteClock "1:30:00"]
[BlackClock "1:30:00"]

1. d4 d5 2. c4 c6 3. Nf3 Nf6 4. Qb3 e6 5. Bg5 dxc4 6. Qxc4 b5 7. Qc2 Bb7 8. e4 Nbd7 9. Nbd2 Qb6 (9... Rc8 10. Bd3 Qb6 11. a4 a6 12. axb5 cxb5 13. Qb1 h6 14.
Be3 Ng4 15. e5 Bb4 16. O-O O-O 17. Ne4 f5 18. exf6 Ndxf6 19. Ne5 Nxe4 20. Bxe4
Nxe5 21. dxe5 Bc5 22. Bxb7 Qxb7 23. Qg6 Qf7 24. Qxf7+ Rxf7 25. Rxa6 Bxe3 26.
fxe3 Rxf1+ 27. Kxf1 Kf7 28. Rd6 Rc2 29. b4 Rb2 30. Rd4 g5 31. h4 Kg6 32. hxg5
Kxg5 33. Rf4 h5 34. Rf6 Rxb4 35. Rxe6 {1/2-1/2 (35) Xiu,D (2571)-Ding,L (2717)
Xinghua 2014}) 10. a4 a6 11. Be2 c5 12. axb5 axb5 13.
Rxa8+ Bxa8 14. O-O h6 15. Bh4 g5 $146 (15... Be7
16. dxc5 Bxc5 17. b4 Bxb4 18. e5 g5 19. exf6 gxh4 20. Bxb5 Qb7 21. Rb1 Bd6 22.
Qa4 {1-0 (22) Ibrahimov,R (2537)-Melnikova,Y (2264) Dubai 2009}) 16. Bg3 Bb7 17. Rc1 Be7 18. h4 Nh5 19. Bh2 Nf4 20. Bf1 Ng6 21. dxc5 Nxc5 22. h5 Nf4 23. Qc3 $14 {[%emt 0:04:29][%csl Gc3,Rh8] A very strange game. Zhao Xue
manage to get an advantage from the opening by stifling her opponent's
counterplay and retaining her positional advantages, but her play afterwards
allowed Stefanova to activate her pieces powerfully. The Bulgarian missed a
precise continuation that might even have started to swing the game in her
favor, but instead she lost a pawn and ended up in a difficult endgame.
Eventually this difficult endgame turned hopeless as Zhao Xue slowly but
surely converted her extra pawn... only to blunder her advantage again!
Stefanova reached a book drawn rook endgame, but she blundered majorly missing
the following:} O-O 24. Qe3 Bd6 (24... Nxh5 25. b4 Na4 26. Qxb6 Nxb6 27. Rc7) 25. Nd4 Nd7 26. Bxb5 e5 27. Nc4 exd4 28. Nxb6 dxe3 29. Nxd7 exf2+ 30. Kxf2 Ra8 31. Rc3 Kg7 32. e5 Be7 33. Rc7 Be4 34. Bxf4 gxf4 35. Bc6 Bxc6 36. Rxc6 Ra5 37. Kf3 Rb5 38. Rb6 Rd5 39. Rb7 Bg5 40. Ke2 Rd4 41. Nc5 Rc4 42. b4 Rc2+ 43. Kf3 Rc3+ 44. Ke4 Rg3 45. e6 Rxg2 46. b5 Kf8 47. Rxf7+ Ke8 48. b6 Rb2 49. b7 Be7 50. Kd5 f3 51. Ne4 Rb6 52. Nc5 f2 53. Rxf2 Bxc5 54.
Kxc5 Rxb7 55. Rf6 Rb1 56. Rxh6 Ke7 57. Rg6 Rh1 58. Rh6 Rc1+ 59. Kd5 Rd1+ 60. Ke5 Re1+ 61. Kf5 Rf1+ 62. Kg6 Kxe6 63. Kg7+ Ke7 64. Ra6 Rf7+ 65. Kg6 Rf1 66. Ra7+ Kf8 $4 (66...
Ke6 $1 {is a draw, as I'm sure Karsten Muller would be delighted to show in
his Endgame Magic show on playchess.com}) 67. Ra8+ $1 Ke7 68. h6 Rg1+ 69. Kf5 $1 {
[%emt 0:00:06] Stefanova must have forgotten that now White's pawn does not
need the help of the king to advance, as Black's awkward king position does
the job for her.} Rf1+ 70. Ke5 (70. Ke4 $4
Rf8 $11) 70... Re1+ 71. Kd4 Rd1+ 72. Ke3 Re1+ 73. Kd2 Rh1 74. h7 {and Black
cannot stop the pawn, unless she sacrifices a whole rook. Tragic, truly.} 1-0